Unix NetHack Version 5.0.0-0 post-release - last build May  4 2026 22:22:43 (774f63e81ad911689b3a0859ea89b322d5daca8d,branch:main).

Game began 2026-05-07 05:25:21, ended 2026-05-07 05:49:54.

01245990302, neutral male gnomish Ranger

                             )#########`                `#####
                    --------     ------#                -----#
                    |......|     |....|#                |...-####
                    |......|     |....|#     -------####-...|#  #   -------
                    |......|     |.^...#     |.....|#   |...|#######......|
                    |.......#    |....|##    |......#   --.--   #   |.---.|
                    ------@-#    |.....###   |*....|#     ##    ####|.| |.|
                     )  #a# #?##%[....|# ####......|#     ##       #-.---.|
                      ###        ------#    #-------##    ####      |.....|
                      #                ###############   ##  #      -------
                   ---.----                 ##       #   #   #####
                   |......|                  #####   #   #       #
                   .......|                      ##  ## ##       #####
                   |......|                       ##### #        ----|---
                   |......|                          ##-.---   ##.......|
                   |....<.|                          ##-...|   # |......|
                   --------                            |>...#### |......|
                                                       |{..|     --------
                                                       -----

01245990302 the Lookout      St:13 Dx:14 Co:15 In:14 Wi:14 Ch:8  Neutral
Dlvl:4  $:54 HP:0(29) Pw:21(21) AC:7  Xp:4 T:2481 

Latest messages:
 Count: 1 s
 You don't have that object.
 What do you want to drop? [$abe-gkmn or ?*] <space>
 Never mind.
 You find a hidden passage.
 You hear an E flat squeak in the distance.
 You swap places with Sirius.
 You swap places with Sirius.
 The door opens.
 You hit the newt.
 The newt bites!
 You kill the newt!
 You see here a newt corpse.
 Sirius eats a newt corpse.
 You feel agile!
 You must have been working on your reflexes.
 You feel tough!
 You must have been leading a healthy life-style.
 You swap places with Sirius.
 You swap places with Sirius.
 You swap places with Sirius.
 You are beginning to feel hungry.
 A trap door in the ceiling opens and a rock falls on your head!
 What do you want to eat? [fg or ?*] f
 This cram ration is bland.
 You finish eating the cram ration.
 There is a doorway here.
 You see here an elven mithril-coat.
 You miss the red mold.
 You are suddenly very hot!
 You hit the red mold!
 You are suddenly very hot!
 You kill the red mold!
 Welcome to experience level 4.
 You see here a red mold corpse.
 The giant ant bites!
 You hit the giant ant.
 The giant ant bites!
 The giant ant bites!
 You kill the giant ant!
 There is an open door here.
 You see here a pair of mud boots.
 The giant ant bites!
 The giant ant bites!
 You die...
 Do you want your possessions identified? [ynq] (y) y
 Do you want to see your attributes? [ynq] (y) y
 Do you want an account of creatures vanquished? [ynaq] (y) y
 Do you want to see your conduct and achievements? [ynq] (y) y
 Do you want to see the dungeon overview? [ynq] (y) y

Inventory:
 Coins    ('$')
  $ - 54 gold pieces
 Weapons  (')')
  b - a +1 crossbow (alternate weapon; not wielded)
  a - a blessed +1 dagger (weapon in right hand)
  k - a +0 orcish dagger
 Armor    ('[')
  e - an uncursed burnt +2 cloak of displacement
  m - an uncursed +0 studded leather armor (being worn)
 Comestibles  ('%')
  f - 3 uncursed cram rations
  g - 2 uncursed melons
 Tools    ('(')
  n - an uncursed skeleton key

01245990302 the Ranger's attributes:

Background:
 You were a Lookout, a level 4 male gnomish Ranger.
 You were neutral, nominally on a mission for Venus
 who was opposed by Mercury (lawful) and Mars (chaotic).
 You were right-handed.
 You were in the Dungeons of Doom, on level 4.
 You entered the dungeon 2481 turns ago.
 It was nighttime.
 You had 89 experience points, 71 more were needed to attain level 5.

Basics:
 You had 0 out of 29 hit points.
 You had all 21 energy points (spell power).
 Your armor class was 7.
 Your wallet contained 54 zorkmids.
 Autopickup was off.

Final Characteristics:
 Your strength was 13 (limit:18/50).
 Your dexterity was 14 (limit:18).
 Your constitution was 15 (limit:18).
 Your intelligence was 14 (limit:19).
 Your wisdom was 14 (limit:18).
 Your charisma was 8 (limit:18).

Final Status:
 You weren't hungry.
 You were unencumbered.
 You were wielding a dagger.
 You had basic skill with dagger.

Final Attributes:
 You were piously aligned.
 You had automatic searching.
 You had infravision.
 You were warded.
 You are dead.

Miscellaneous:
 You didn't encounter any bones levels.
 Total elapsed playing time was 24 minutes and 32 seconds.

Major events:
 Turn
    1: 01245990302 the neutral male gnomish Ranger entered the dungeon
 1980: attained the rank of Lookout (level 3)
 2481: killed by a giant ant

You didn't know any spells.

Skills:
 Fighting Skills
   bare handed combat [Unskilled]
   riding             [Unskilled]
 Weapon Skills
   dagger             [Basic]
   knife              [Unskilled]
   axe                [Unskilled]
   pick-axe           [Unskilled]
   short sword        [Unskilled]
   morning star       [Unskilled]
   flail              [Unskilled]
   hammer             [Unskilled]
   quarterstaff       [Unskilled]
   polearms           [Unskilled]
   spear              [Unskilled]
   trident            [Unskilled]
   bow                [Unskilled]
   sling              [Unskilled]
   crossbow           [Basic]
   dart               [Unskilled]
   shuriken           [Unskilled]
   boomerang          [Unskilled]
   whip               [Unskilled]
 Spellcasting Skills
   healing spells     [Unskilled]
   divination spells  [Unskilled]
   escape spells      [Unskilled]

Voluntary challenges:
 Character rerolling was not enabled.
 You were an atheist.
 You never genocided any monsters.
 You never polymorphed an object.
 You never changed form.
 You used no wishes.
Achievements:
 You entered a shop.
 You attained the rank of Lookout.

 The Dungeons of Doom: levels 1 to 4
    Level 1:
       A fountain.
    Level 2:
       A fountain.
    Level 3:
       A potion shop, a fountain, a sink.
    Level 4: <- You were here.
       A fountain.
       Final resting place for
          you, killed by a giant ant.


Vanquished creatures:
  a giant ant
  a giant bat
  2 iguanas
  2 hobbits
  a hobgoblin
  a cave spider
  a red mold
  a gecko
  5 jackals
  2 foxes
  2 kobolds
  4 goblins
  4 sewer rats
  a lichen
  8 newts
36 creatures vanquished.

No species were genocided or became extinct.

Game over:
                       ----------
                      /          \
                     /    REST    \
                    /      IN      \
                   /     PEACE      \
                  /                  \
                  |   01245990302    |
                  |      54 Au       |
                  |   killed by a    |
                  |    giant ant     |
                  |                  |
                  |                  |
                  |       2026       |
                 *|     *  *  *      | *
        _________)/\\_//(\/(/\)/\//\/|_)_______

Goodbye 01245990302 the Ranger...

You died in The Dungeons of Doom on dungeon level 4 with 565 points,
and 54 pieces of gold, after 2481 moves.
You were level 4 with a maximum of 29 hit points when you died.

